 Dungeon Crawl Stone Soup version 0.20.1-1-g8b1a95d (webtiles) character file.

8242 vatarom the Destroyer (level 11, 0/97 HPs)
             Began as a Yellow Draconian Conjurer on Oct 14, 2017.
             Was an Elder of Vehumet.
             Slain by a manticore (6 damage)
             ... on level 11 of the Dungeon.
             The game lasted 00:35:19 (13302 turns).

vatarom the Destroyer (Yellow Draconian Conjurer)  Turns: 13302, Time: 00:35:19

Health: 0/97       AC: 11    Str: 11    XL:     11   Next: 7%
Magic:  19/23      EV: 12    Int: 22    God:    Vehumet [****..]
Gold:   603        SH:  0    Dex: 11    Spells: 3/26 levels left

rFire    . . .     SeeInvis .   o - +1 mace (protect)
rCold    . . .     Gourm    .   (no shield)
rNeg     . . .     Faith    .   (armour unavailable)
rPois    .         Spirit   .   (helmet restricted)
rElec    .         Reflect  .   m - +1 cloak
rCorr    +         Harm     .   (no gloves)
MR       .....                  v - +1 pair of boots
Stlth    ++........             (no amulet)
Regen    0.3/turn               A - +2 ring of slaying
MPRegen  0.2/turn               c - +3 ring of intelligence

@: no status effects
A: spit acid, acid resistance, unfitting armour, cold-blooded, AC +7
a: Breathe Acid, Renounce Religion


You were on level 11 of the Dungeon.
You worshipped Vehumet.
Vehumet was greatly pleased with you.
You were not hungry.

You visited 2 branches of the dungeon, and saw 12 of its levels.

You collected 603 gold pieces.

Inventory:

Hand Weapons
 o - a +1 mace of protection (weapon)
 t - a +0 hunting sling of venom
Armour
 m - a +1 cloak (worn)
 v - a +1 pair of boots (worn)
Jewellery
 c - a +3 ring of intelligence (right hand)
 i - an uncursed ring of see invisible
 A - a +2 ring of slaying (left hand)
 C - a +2 ring of protection
Wands
 B - a wand of flame (27/48)
 D - a wand of enslavement (17/24)
Scrolls
 e - 4 scrolls of teleportation
 j - 5 scrolls of recharging
 k - 3 scrolls of remove curse
 y - 2 scrolls of amnesia
Potions
 d - 2 potions of mutation {unknown}
 f - 2 potions of agility {unknown}
 h - a potion of flight {unknown}
 l - 3 potions of brilliance
 q - 2 potions of heal wounds
 r - 2 potions of curing
 s - a potion of degeneration {unknown}
 u - a potion of berserk rage
 w - a potion of might
 x - a potion of invisibility
Books
 a - a book of Conjurations

   Spells                             Type                      Level
   a - Magic Dart                     Conjuration                  1
   b - Searing Ray                    Conjuration                  2
   c - Dazzling Spray                 Conjuration/Hexes            3
   d - Fulminant Prism                Conjuration/Hexes            4
   e - Force Lance                    Conjuration/Translocation    4
   f - Iskenderun's Mystic Blast      Conjuration                  4
Comestibles
 b - 3 chunks of flesh
 g - 9 meat rations
 n - 2 royal jellies
 p - 12 fruits


   Skills:
 + Level 9.3 Fighting
 - Level 1.8 Dodging
 - Level 1.7 Stealth
 * Level 8.1 Spellcasting
 + Level 12.4 Conjurations
 - Level 2.0 Poison Magic


You had 3 spell levels left.
You knew the following spells:

 Your Spells              Type           Power        Failure   Level  Hunger
a - Magic Dart            Conj           ####         1%          1    None
b - Searing Ray           Conj           ######       1%          2    None
c - Dazzling Spray        Conj/Hex       #####.       1%          3    None
d - Force Lance           Conj/Tloc      #####...     1%          4    ###....
e - Fulminant Prism       Conj/Hex       #####.....   1%          4    ###....
f - Olgreb's Toxic Radia  Pois           ###.....     9%          4    ###....
B - Blink                 Tloc           N/A          11%         2    None
M - Mephitic Cloud        Conj/Pois/Air  ####....     1%          3    None


Dungeon Overview and Level Annotations

Branches:
Dungeon (11/15)            Temple (1/1) D:5            Lair (0/6) D:11
    Orc: D:9-12

Altars:
Ashenzari
Cheibriados
Dithmenos
Elyvilon
Fedhas
Gozag
Hepliaklqana
Kikubaaqudgha
Makhleb
Nemelex Xobeh
Okawaru
Qazlal
Ru
Sif Muna
Trog
Uskayaw
Vehumet
Xom
Yredelemnul
Zin
The Shining One

Shops:
D:8 [

Annotations:
D:7 Haldmier's ghost, novice SpEn


Innate Abilities, Weirdness & Mutations

You can spit globs of acid.
You are resistant to acid.
Your golden yellow scales are hard. (AC +7)
You cannot fit into any form of body armour.
You are cold-blooded and may be slowed by cold attacks.


Message History

The manticore barely misses you. The manticore claws you.
The manticore claws you but does no damage.
The orc priest hits you. The phantom barely misses you.
Unknown command.
The manticore closely misses you.
The manticore claws you but does no damage.
The manticore closely misses you. The orc priest barely misses you.
The phantom hits you!
The phantom blinks!
Unknown command.
You closely miss the orc priest.
The orc priest is almost dead.
You kill the orc priest!
Vehumet accepts your kill.
You feel your power returning. The manticore bites you!!
The manticore barely misses you. The manticore claws you.
* * * LOW HITPOINT WARNING * * *
The manticore bites you!!
* * * LOW HITPOINT WARNING * * *
The manticore claws you.
You die...

####### ......#
......# ......#
.....!# .†....#
###H.....#
##.@§).W..#
#..#[.....# #.
######.##).....#
#.######...(..#
..$...#
#.....#...#####
#######
##....>....##
#...........#
##...........#
.............#


You could see a manticore and a phantom.

Vanquished Creatures
  A two-headed ogre (D:8)
  An ugly thing (D:9)
  A cyclops (D:10)
  A troll (D:9)
  A wraith (D:10)
  8 yaks
  A water moccasin (D:6)
  Duvessa (D:4)
  2 orc warriors
  2 sky beasts
  A necrophage (D:8)
  7 ogres
  3 ice beasts
  8 centaurs
  2 big kobolds
  A gnoll sergeant (D:5)
  6 bullfrogs
  Dowan (D:4)
  A wyvern skeleton (D:10)
  A scorpion (D:8)
  13 wights
  3 killer bees
  5 howler monkeys
  4 crimson imps
  6 hounds
  A bullfrog zombie (D:5)
  3 jellies
  2 centaur skeletons
  4 orc priests
  A gnoll shaman (D:5)
  5 orc wizards
  4 iguanas
  6 worker ants
  2 hound zombies
  2 hound skeletons
  Robin (D:2)
  22 gnolls
  15 adders
  4 shadow imps
  2 adder zombies
  A dart slug (D:1)
  8 leopard geckos
  34 orcs
  4 giant cockroaches
  24 goblins
  14 hobgoblins
  14 jackals
  12 kobolds
  2 quokkas
  9 bats
  8 frilled lizards
  A jackal skeleton (D:5)
  A leopard gecko zombie (D:5)
  7 rats
  2 fulminant prisms
296 creatures vanquished.

Vanquished Creatures (others)
  33 fulminant prisms
33 creatures vanquished.

Grand Total: 329 creatures vanquished

Notes
Turn   | Place    | Note
-------+----------+-------------------------------------------
     0 | D:1      | vatarom the Draconian Conjurer began the quest for the Orb.
     0 | D:1      | Reached XP level 1. HP: 14/14 MP: 3/3
   246 | D:1      | Reached XP level 2. HP: 22/22 MP: 3/5
   364 | D:1      | Learned a level 2 spell: Searing Ray
   533 | D:1      | Reached skill level 1 in Fighting
  1104 | D:2      | Reached XP level 3. HP: 25/28 MP: 3/6
  1277 | D:2      | Noticed Robin
  1639 | D:2      | Learned a level 3 spell: Dazzling Spray
  1670 | D:2      | Reached XP level 4. HP: 36/36 MP: 4/7
  1936 | D:2      | Reached skill level 5 in Conjurations
  2083 | D:2      | Killed Robin
  2352 | D:2      | Reached XP level 5. HP: 42/42 MP: 6/9
  2974 | D:3      | Learned a level 4 spell: Force Lance
  3553 | D:4      | Reached XP level 6. HP: 51/51 MP: 5/10
  3561 | D:4      | Reached skill level 6 in Conjurations
  3989 | D:4      | Noticed Duvessa
  3991 | D:4      | Noticed Dowan
  4020 | D:4      | Killed Duvessa
  4295 | D:5      | Entered Level 5 of the Dungeon
  4323 | D:4      | Killed Dowan
  4323 | D:4      | Your scales start taking on a golden yellow colour.
  4323 | D:4      | Reached XP level 7. HP: 57/58 MP: 5/12
  4672 | D:5      | Found a staircase to the Ecumenical Temple.
  4723 | Temple   | Entered the Ecumenical Temple
  4784 | Temple   | Became a worshipper of Vehumet
  4960 | D:5      | Reached skill level 7 in Conjurations
  5158 | D:5      | Learned a level 4 spell: Fulminant Prism
  5906 | D:5      | Reached XP level 8. HP: 65/67 MP: 5/15
  6374 | D:6      | Reached skill level 5 in Fighting
  6374 | D:6      | Reached skill level 8 in Conjurations
  6515 | D:6      | Reached skill level 5 in Spellcasting
  6685 | D:6      | Learned a level 3 spell: Conjure Flame
  6721 | D:6      | Learned a level 3 spell: Mephitic Cloud
  6727 | D:6      | Reached * piety under Vehumet
  6727 | D:6      | Offered knowledge of Freeze by Vehumet.
  7019 | D:6      | Reached skill level 9 in Conjurations
  7531 | D:6      | Reached XP level 9. HP: 57/75 MP: 17/17
  7614 | D:6      | Reached ** piety under Vehumet
  7614 | D:6      | Offered knowledge of Throw Frost by Vehumet.
  7793 | D:7      | Learned a level 2 spell: Blink
  7873 | D:7      | Noticed Haldmier's ghost (novice SpEn)
  8801 | D:7      | Reached skill level 10 in Conjurations
  9341 | D:8      | Offered knowledge of Static Discharge by Vehumet.
  9380 | D:8      | Reached *** piety under Vehumet
  9506 | D:8      | Found Enwaj's Antique Armour Shoppe.
  9707 | D:8      | Noticed a two-headed ogre
  9809 | D:8      | Killed a two-headed ogre
  9809 | D:8      | Reached skill level 11 in Conjurations
  9809 | D:8      | Reached XP level 10. HP: 70/88 MP: 4/20
 10334 | D:9      | Offered knowledge of Olgreb's Toxic Radiance by Vehumet.
 10435 | D:9      | Learned a level 4 spell: Olgreb's Toxic Radiance
 10451 | D:9      | Noticed a brown ugly thing
 10460 | D:9      | Killed a brown ugly thing
 10460 | D:9      | Reached skill level 1 in Poison Magic
 11469 | D:10     | Entered Level 10 of the Dungeon
 12040 | D:10     | Reached skill level 12 in Conjurations
 12362 | D:10     | Reached **** piety under Vehumet
 12365 | D:10     | Offered knowledge of Venom Bolt by Vehumet.
 12970 | D:11     | Found a staircase to the Lair.
 12970 | D:11     | Noticed a cyclops
 13018 | D:10     | Killed a cyclops
 13191 | D:11     | Reached XP level 11. HP: 70/97 MP: 13/23
 13302 | D:11     | Slain by a manticore

Skill      XL: |  1  2  3  4  5  6  7  8  9 10 |
---------------+-------------------------------+-----
Fighting       | 1 2 3 4 6 7 9 |  9.3
Conjurations   | 5 6 7 9 11 12 | 12.4
Spellcasting   | 3 4 5 6 8 |  8.1
Poison Magic   | 2 |  2.0
Dodging        | |  1.8
Stealth        | |  1.7

Action                   |  1- 3 |  4- 6 |  7- 9 | 10-12 || total
-------------------------+-------+-------+-------+-------++-------
Melee: Unarmed           |    34 |       |       |       ||    34
       Tailslap          |     2 |     1 |    22 |    16 ||    41
       Halberd           |    13 |    13 |       |       ||    26
       Mace              |       |    14 |   220 |   100 ||   334
 Cast: Magic Dart        |    30 |   134 |   114 |       ||   278
       Searing Ray       |     5 |     4 |    15 |       ||    24
       Dazzling Spray    |       |     4 |    16 |     2 ||    22
       Fulminant Prism   |       |       |    14 |    21 ||    35
       Force Lance       |       |       |    33 |    35 ||    68
       Mephitic Cloud    |       |       |     4 |     6 ||    10
       Blink             |       |       |     1 |     1 ||     2
       Olgreb's Toxic Ra |       |       |       |    19 ||    19
 Abil: Breathe Acid      |       |       |    18 |    10 ||    28
Evoke: Wand              |       |     2 |       |       ||     2
  Use: Scroll            |     4 |    11 |     6 |     5 ||    26
       Potion            |     1 |     1 |     2 |     1 ||     5
 Stab: Invisible         |       |     1 |       |     1 ||     2
       Sleeping          |       |       |     3 |     1 ||     4
  Eat: Fruit             |     2 |     1 |       |       ||     3
       Chunk             |     1 |     6 |    12 |     6 ||    25
       Meat ration       |       |     1 |       |     1 ||     2
       Bread ration      |       |       |     3 |     2 ||     5
       Royal jelly       |       |       |       |     1 ||     1
Armor: Skin              |    24 |    31 |   205 |    93 ||   353
Dodge: Dodged            |    57 |    52 |   265 |   159 ||   533
